 Dungeon Crawl Stone Soup version 0.31-a0-75-g6fe912e8c5 (webtiles) character file.

Game seed: 3796361401174786485

439 Hades the Chopper (level 6, -4/48 HPs)
             Began as a Demonspawn Berserker on May 24, 2023.
             Was an Initiate of Hepliaklqana.
             Slain by a black bear (7 damage)
             ... created by the rage of Trog
             ... on level 4 of the Dungeon.
             The game lasted 00:17:52 (4133 turns).

Hades the Chopper (Demonspawn Berserker)            Turns: 4133, Time: 00:17:53

Health: -4/48      AC:  6    Str: 17    XL:     6   Next: 70%
Magic:  6/6        EV: 16    Int: 11    God:    Hepliaklqana [......]
Gold:   187        SH:  6    Dex: 12    Spells: 5/5 levels left

rFire   + . .        a - +0 hand axe
rCold   + . .        (no shield)
rNeg    . . .        d - +0 ring mail
rPois   +            (no helmet)
rElec   +            l - +0 cloak
rCorr   +            (no gloves)
SInv    .            (no boots)
Will    .....        (no amulet)
Stlth   +            c - +5 ring of evasion
HPRegen 0.28/turn    (no ring)
MPRegen 0.10/turn

%: no passive effects
@: mighty, resistant
A: large bone plates 2
a: Renounce Religion


You were on level 4 of the Dungeon.
You worshipped Hepliaklqana.
Hepliaklqana was noncommittal.
You visited 1 branch of the dungeon, and saw 4 of its levels.

You collected 187 gold pieces.

Inventory:

Hand Weapons
 a - a +0 hand axe (weapon)
Armour
 b - a +0 animal skin
 d - a +0 ring mail (worn)
 l - a +0 cloak (worn)
 w - a +0 pair of gloves
Magical Staves
 n - a staff of death
Jewellery
 c - a +5 ring of evasion (left hand)
 j - an amulet of magic regeneration
Scrolls
 e - a scroll of poison {unknown}
 f - 3 scrolls of teleportation
 h - 4 scrolls of identify {unknown}
 k - a scroll of enchant armour {unknown}
 o - a scroll of blinking {unknown}
 q - a scroll of fear {unknown}
 s - a scroll of noise {unknown}
 t - a scroll of magic mapping {unknown}
 u - a scroll of torment {unknown}
 v - a scroll of amnesia {unknown}
 x - a scroll of vulnerability {unknown}
Potions
 g - a potion of might
 m - a potion of brilliance {unknown}
 p - a potion of lignification {unknown}
 r - 3 potions of mutation {unknown}
 z - a potion of haste {unknown}
 A - 2 potions of ambrosia {unknown}


   Skills:
 + Level 4.0 Fighting
 + Level 5.1 Axes
 + Level 2.9 Armour
 + Level 2.5 Dodging
 + Level 0.1 Stealth
 + Level 2.2 Shields


You had 5 spell levels left.
You didn't know any spells.
Your spell library contained the following spells:

 Spells                   Type           Power      Damage    Failure   Level
 Dazzling Flash           Conj/Hex       0%         N/A       88%         3
 Agony                    Necr           0%         N/A       100%        5
 Silence                  Hex/Air        0%         N/A       100%        5


Dungeon Overview and Level Annotations

Branches:
Dungeon (4/15)
 Temple: D:4-7

Altars:
Ashenzari
Dithmenos
Hepliaklqana
Vehumet
Wu Jian
Yredelemnul

Shops:
D:2 =


Innate Abilities, Weirdness & Mutations

You are mostly covered in large bone plates. (SH +6)


Message History

The black bear bites you! The black bear completely misses you.
The black bear barely misses you.
You slash the black bear!
The black bear is heavily wounded.
You hear an angry growl. x2
The black bear misses you. x2; The black bear closely misses you.
You block the black bear's attack. x2; The black bear misses you.
You hit the black bear.
The black bear is severely wounded.
The black bear bites you!
* * * LOW HITPOINT WARNING * * *
The black bear barely misses you. The black bear closely misses you.
You barely miss the black bear.
The black bear is severely wounded.
The black bear bites you!
* * * LOW HITPOINT WARNING * * *
The black bear closely misses you. The black bear misses you.
You hear an angry growl.
The black bear bites you but does no damage.
The black bear claws you but does no damage.
The black bear misses you.
It was a potion of resistance.
You feel protected.
You hear an angry growl.
The black bear barely misses you. The black bear misses you.
The black bear closely misses you.
You hear an angry growl. x2
The black bear barely misses you. You block the black bear's attack.
The black bear closely misses you.
You slash the black bear!
The black bear is severely wounded.
You hear an angry growl.
The black bear closely misses you. You block the black bear's attack.
The black bear claws you but does no damage.
You hear an angry growl.
You completely miss the black bear.
The black bear is severely wounded.
You hear an angry growl.
The black bear bites you!
You die...

#........#.._...#..............~P
##...###.(......#..............~P
##..............#................
##......##.._..##...............~
##......########..#.....#......#.
#........#W§§§##..#............#.
#........##§§###.##.........#....
'........#####.#h############....
#....##.....##..@.# #....
..##(.............######### #....
..................#~~~..~~# #.##.
#.##.#............#######~# #.##.
=....#.#+#..............#.# #..#.
#..# #...##.......#######~# #....
... .......###...#l~~~..P# #....
........#.....######### #.#..
#.......<#.#...# #....


You could see a black bear (berserk) and a frilled lizard.

Vanquished Creatures
  Edmund (D:4)
  An ogre (D:3)
  A scorpion (D:4)
  An orc priest (D:3)
  An orc wizard (D:4)
  Robin (D:3)
  3 worms
  5 dart slugs
  7 orcs
  3 endoplasms
  4 giant cockroaches
  7 hobgoblins
  3 quokkas
  5 ball pythons
  9 bats
  3 frilled lizards
  15 goblins
  7 kobolds
  10 rats
87 creatures vanquished.

Notes
Turn   | Place    | Note
-------+----------+-------------------------------------------
     0 | D:1      | Hades the Demonspawn Berserker began the quest for the Orb.
     0 | D:1      | Reached XP level 1. HP: 18/18 MP: 1/1
   365 | D:1      | Gained mutation: You are partially covered in large bone
                  | plates. (SH +4) [demonic ancestry]
   365 | D:1      | Reached XP level 2. HP: 24/24 MP: 2/2
   524 | D:1      | Reached skill level 3 in Axes
   732 | D:1      | Gained mutation: You are mostly covered in large bone
                  | plates. (SH +6) [demonic ancestry]
   732 | D:1      | Reached XP level 3. HP: 29/29 MP: 3/3
   909 | D:2      | Reached ** piety under Trog
  1352 | D:2      | Found Acitess's Jewellery Shop.
  1687 | D:3      | Noticed an ogre
  1701 | D:3      | Killed an ogre
  1702 | D:3      | Reached skill level 1 in Shields
  1702 | D:3      | Reached XP level 4. HP: 21/37 MP: 4/4
  1702 | D:3      | Reached XP level 5. HP: 24/42 MP: 5/5
  2003 | D:3      | Noticed Robin
  2043 | D:3      | Killed Robin
  2044 | D:3      | Reached skill level 4 in Axes
  2147 | D:3      | Reached *** piety under Trog
  2546 | D:4      | Found a hazy altar of Hepliaklqana.
  2548 | D:4      | Found a shadowy altar of Dithmenos.
  2550 | D:4      | Noticed a shadow
  2572 | D:4      | Reached XP level 6. HP: 28/48 MP: 6/6
  2913 | D:4      | Found an ornate altar of the Wu Jian Council.
  2934 | D:4      | Noticed Edmund
  2951 | D:4      | Killed Edmund
  3355 | D:4      | Fell from the grace of Trog
  3355 | D:4      | Became a worshipper of Hepliaklqana the Forgotten
  3642 | D:4      | Reached skill level 5 in Axes
  3754 | D:4      | Found a broken altar of Ashenzari.
  3754 | D:4      | Found a faded altar of an unknown god.
  3762 | D:4      | Found a basalt altar of Yredelemnul.
  3767 | D:4      | Found a radiant altar of Vehumet.
  4114 | D:4      | Noticed a polar bear
  4114 | D:4      | Noticed a polar bear
  4133 | D:4      | Slain by a black bear

Illustrated notes

Levels and vault maps discovered:
D:1:      tekkud_arrival_beachfront_property, layout_loops_ring,
          minmay_pentomino_v4
D:2:      layout_loops_ring, serial_shops, shop
D:3:      layout_basic, minmay_box_of_dots, uniq_robin
D:4:      layout_basic, riverfiend_overflow_shadow_ancestor,
          chequers_temple_overflow_minitemple, nzn_wu_jian_contemplation,
          serial_aquarium, aquarium_bridge_square [aquarium_subvault_wall,
          aquarium_subvault_bridge, aquarium_subvault_wall,
          aquarium_subvault_wall], aquarium_bridge_island_small
          [aquarium_subvault_small_open, aquarium_subvault_bridge,
          aquarium_subvault_bridge, aquarium_subvault_wall,
          aquarium_subvault_bridge], aquarium_window_1, aquarium_window_2,
          aquarium_view_2c, aquarium_balcony_3b, aquarium_pool_corner,
          serial_bayou_lagoon_a, minmay_misc_feat_pillars,
          nicolae_alphabet_shops, eino_small_chamber_without_monster,
          uniq_duvessa, uniq_edmund

Skill      XL: |  1  2  3  4  5  6 |
---------------+-------------------+-----
Axes           | 3 4 5 |  5.1
Armour         | 2 |  2.9
Dodging        | 2 |  2.5
Shields        | 1 2 |  2.2
Fighting       | 4 |  4.0
Stealth        | |  0.1

Action                     |  1- 3 |  4- 6 || total
---------------------------+-------+-------++-------
  Melee: Hand axe          |   133 |   147 ||   280
         Punch             |     1 |     2 ||     3
 Invoke: Berserk           |     1 |     1 ||     2
         Trog's Hand       |       |     1 ||     1
    Use: Potion            |       |     2 ||     2
         Scroll            |       |     1 ||     1
 Armour: Ring mail         |    32 |    23 ||    55
  Dodge: Dodged            |   121 |   116 ||   237
  Block: Other             |    30 |    41 ||    71

Table legend: (Time is in decaauts)
 A = Elapsed time spent in this place.
 B = Non-inter-level travel time spent in this place.
 C = Inter-level travel time spent in this place.
 D = Time resting spent in this place.
 E = Time spent auto-exploring this place.
 F = Levels seen in this place.
 G = Mean time per level.
                   A        B        C        D        E       F      G
               +--------+--------+--------+--------+--------+-----+--------+
         Total |   4184 |   4052 |    132 |   1202 |      0 |   4 | 1046.0 |
       Dungeon |   4184 |   4052 |    132 |   1202 |      0 |   4 | 1046.0 |
               +--------+--------+--------+--------+--------+-----+--------+

Top non-repeatable levels by time:
     D:4: 1667 daAuts
     D:1: 915 daAuts
     D:3: 866 daAuts
     D:2: 735 daAuts
